AoeStats
← Vilo41

Arena

509971369Analyzed
1v1 RM · 4d ago on Sep 28, 2026· 34m 55s· 2 players
Game mode
Random Map
Map size
Tiny (2 player)
Population
200
Speed
Normal
Resources
Standard
Victory
Conquest
Starting age
Dark Age
Ending age
Imperial Age
RankedLock teamsTeams togetherTeam positionsShared explorationLock speedFull tech treeHidden civsTurbo modeCheats
Victory
Defeat
🇦🇲 Spanish · Armenia
559
+16
🇻🇪 Franks · Venezuela
561
-22
Uhtred
9:52 Loom
13:07 Feudal Age
14:41 Double-Bit Axe
15:44 Horse Collar
16:10 Town Watch
17:01 Wheelbarrow
18:57 Wheelbarrow
18:30 Stone Mining
18:34 Gold Mining
22:24 Castle Age
22:23 Padded Archer Armor
24:08 Bloodlines
25:44 Husbandry
25:44 Fletching
26:09 Leather Archer Armor
28:49 Imperial Age
28:55 Imperial Age
27:07 Hand Cart
27:06 Bodkin Arrow
28:26 Masonry
29:04 Bow Saw
30:17 Ring Archer Armor
30:38 Conscription
30:27 Bracer
32:45 Chemistry
34:00 Two-Man Saw
Vilo41
11:56 Feudal Age
13:28 Wheelbarrow
16:51 Double-Bit Axe
21:27 Castle Age
19:30 Man-at-Arms
20:03 Fletching
23:01 Bodkin Arrow
26:25 Forging
31:42 Hand Cart
Connection lost

Rejoining the realm…

Still unreachable

The connection could not be restored.

Session expired

The server has moved on; the page needs a fresh start.